[Event "Late-Titled-Tuesday-Blitz-December-26-2023"]
[Site "Chess.com"]
[Date "2023.12.26"]
[Round "1"]
[White "AungTZ"]
[Black "kikoveiga"]
[Result "0-1"]
[WhiteElo "2094"]
[BlackElo "2530"]
[TimeControl "180+1"]
[EndTime "14:06:56 PST"]
[Termination "kikoveiga won on time"]

1. e4 g6 2. d4 Bg7 3. Nc3 d5 4. e5 c5 5. Nf3 Nc6 6. Bb5 Bg4 7. Be3 cxd4 8. Bxd4 e6 9. h3 Bxf3 10. Qxf3 Ne7 11.
Qe3 O-O 12. Bxc6 Nxc6 13. O-O-O Qh4 14. f4 Rfc8 15. Kb1 Rab8 16. g3 Qd8 17. Bc5 b5 18.
Bd6 Rb6 19. Ne2 b4 20. Nd4 Bf8 21. Bxf8 Qxf8 22. g4 Qc5 23. Rh2 Na5 24. Qf2 Nc4 25. Nb3 Qc7 26. h4 a5 27. Nc1 a4 28. h5 g5 29.
fxg5 Qxe5 0-1

[Event "Late-Titled-Tuesday-Blitz-December-26-2023"]
[Site "Chess.com"]
[Date "2023.12.26"]
[Round "1"]
[White "czasnaszachy"]
[Black "slidingknight2775"]
[Result "0-1"]
[WhiteElo "2395"]
[BlackElo "2699"]
[TimeControl "180+1"]
[EndTime "14:06:57 PST"]
[Termination "slidingknight2775 won by checkmate"]

1. e4 c5 2. Nc3 a6 3. g3 b5 4.
Bg2 Bb7 5. d3 e6 6. Nh3 Nf6 7. O-O d6 8. f4 Nbd7 9. f5 exf5 10. Rxf5 Be7 11. Rf1 O-O 12. Nf4 Rb8 13.
h3 b4 14. Nce2 Ne5 15. g4 Nfd7 16. Ng3 g6 17. Be3 Bf6 18. Qd2 Bg7 19. Rf2 Qe7 20.
Raf1 Nb6 21. Nfh5 gxh5 22. Nf5 Qe6 23. Nxg7 Kxg7 24. Rf6 Qxf6 25. Rxf6 Kxf6 26. Bh6 Rg8 27. Qf4+ Ke7 28. Bg5+ Kd7 29. gxh5 Rbf8 30. Qf6 Nc8 31.
h4 Kc7 32. Kh1 Nd7 33. Qf2 f6 34. Bf4 Ne5 35. a3 a5 36. axb4 axb4 37. d4 cxd4 38.
Qxd4 Rg4 39. Bh2 Kb8 40. Qxb4 Rfg8 41. Bxe5 fxe5 42. Bf3 Rxh4# 0-1

[Event "Late-Titled-Tuesday-Blitz-December-26-2023"]
[Site "Chess.com"]
[Date "2023.12.26"]
[Round "1"]
[White "koncheto"]
[Black "morte-negra"]
[Result "1-0"]
[WhiteElo "2516"]
[BlackElo "1998"]
[TimeControl "180+1"]
[EndTime "14:06:57 PST"]
[Termination "koncheto won on time"]

1. e4 c5 2. Nf3 d6 3. d4 cxd4 4. Nxd4 Nf6 5. f3 a6 6. c4 e6 7.
Nc3 Nbd7 8. Be3 b6 9. Be2 Qc7 10. Rc1 Bb7 11. O-O Be7 12. Qd2 O-O 13. b4 Rac8 14.
Nb3 Qb8 15. Rfd1 Ne5 16. Na4 b5 17. Nb6 Rcd8 18. cxb5 axb5 19. Bxb5 Bxe4 20. fxe4 Neg4 21. h3 Nxe3 22. Qxe3 d5 23. exd5 Bxb4 24. dxe6 Rxd1+ 25. Rxd1 fxe6 26. a4 e5 27. Nd7 Nxd7 28. Rxd7 Qc8 29.
Qg5 Bc5+ 30. Kh2 1-0

[Event "Late-Titled-Tuesday-Blitz-December-26-2023"]
[Site "Chess.com"]
[Date "2023.12.26"]
[Round "1"]
[White "mariofs"]
[Black "DCacheiro"]
[Result "0-1"]
[WhiteElo "2178"]
[BlackElo "2548"]
[TimeControl "180+1"]
[EndTime "14:07:00 PST"]
[Termination "DCacheiro won by checkmate"]

1. d4 Nf6 2. Nc3 d5 3. Bf4 g6 4. e3 Bg7 5. h4 h5 6. Nf3 O-O 7. Be2 c5 8. Ne5 cxd4 9. exd4 Nc6 10. O-O Bf5 11. Bf3 e6 12. Nxc6 bxc6 13. Na4 Nd7 14.
Bg5 f6 15. Be3 e5 16. c3 Be6 17. Rc1 f5 18. Bg5 Bf6 19. Bxf6 Qxf6 20. g3 e4 21. Be2 f4 22. Qd2 f3 23. Bd1 Qf5 24.
Qg5 Qxg5 25. hxg5 Rf5 26. Bb3 Rxg5 27. c4 h4 28. Kh2 hxg3+ 29. fxg3 Kg7 30. cxd5 Rh8+ 31.
Kg1 Rxg3+ 32. Kf2 Rg2+ 33. Ke3 Re2+ 34. Kf4 Rf8+ 35. Kg3 Rg2+ 36. Kh4 Rh8# 0-1

[Event "Late-Titled-Tuesday-Blitz-December-26-2023"]
[Site "Chess.com"]
[Date "2023.12.26"]
[Round "1"]
[White "Szparu"]
[Black "LukaRadovic0803"]
[Result "1-0"]
[WhiteElo "2892"]
[BlackElo "2476"]
[TimeControl "180+1"]
[EndTime "14:07:02 PST"]
[Termination "Szparu won on time"]

1. e4 c5 2. c3 d6 3. d4 Nf6 4.
Bd3 g6 5. h3 Bg7 6. Nf3 O-O 7.
O-O cxd4 8. cxd4 Nc6 9. Nc3 a6 10. Be3 b5 11. Rc1 Bb7 12. Re1 Rc8 13. Bg5 Nd7 14. Bf1 Re8 15. a3 Qb6 16. Be3 Qd8 17. Bg5 Qb6 18. Nd5 Qa7 19. Rxc6 Bxc6 20. Nxe7+ Rxe7 21. Bxe7 Nf6 22. Bxf6 Bxf6 23. e5 dxe5 24.
dxe5 Rd8 25. Qc1 Bxf3 26. exf6 Qb6 27. gxf3 Qxf6 28. Bg2 Rd3 29. Re3 Rd4 30. Qe1 Kg7 31. Re8 Kh6 32. b4 Qd6 33. Qe3+ g5 34. Bf1 Rd1 35.
h4 Rd5 36. Rg8 f6 37. hxg5+ fxg5 38. Re8 Rf5 39. Re6+ Rf6 40. Rxd6 Rxd6 41. Qc5 Rg6 42. Kg2 Kh5 43. Be2 Kh6 44. Qf5 Kg7 45. Qe5+ Kh6 46. Bd3 Rb6 47. f4 gxf4 48. Qxf4+ Kh5 49. Qh2+ Kg5 50. f4+ 1-0

[Event "Late-Titled-Tuesday-Blitz-December-26-2023"]
[Site "Chess.com"]
[Date "2023.12.26"]
[Round "1"]
[White "alertakobra"]
[Black "Didici"]
[Result "0-1"]
[WhiteElo "2446"]
[BlackElo "2788"]
[TimeControl "180+1"]
[EndTime "14:07:05 PST"]
[Termination "Didici won on time"]

1. e4 e5 2. Nf3 Nc6 3. Bb5 Bc5 4. c3 Qf6 5. O-O Nge7 6. d3 a6 7. Bg5 Qg6 8. Ba4 b5 9. Bc2 d6 10. b4 Bb6 11. a4 Rb8 12. Nbd2 Bg4 13. a5 Ba7 14. Be3 Bxe3 15. fxe3 Qh6 16. Qe2 Nd8 17.
h3 Bd7 18. d4 f6 19. Bb3 Be6 20. d5 Bd7 21. c4 O-O 22. Rab1 f5 23. c5 Nf7 24.
Rbd1 fxe4 25. Nxe4 Nf5 26. Rfe1 Rbe8 27. Qf2 Nh8 28.
Rc1 Ng6 29. Qe2 Ngh4 30. Nxh4 Nxh4 31. Rf1 Qg6 32. Bc2 Bf5 33. Rxf5 Nxf5 34. g4 h5 35. Qg2 hxg4 36. hxg4 Nxe3 0-1

[Event "Late-Titled-Tuesday-Blitz-December-26-2023"]
[Site "Chess.com"]
[Date "2023.12.26"]
[Round "1"]
[White "BilodeauA"]
[Black "b_6"]
[Result "1-0"]
[WhiteElo "2890"]
[BlackElo "2471"]
[TimeControl "180+1"]
[EndTime "14:07:07 PST"]
[Termination "BilodeauA won by resignation"]

1. e4 e6 2. Nf3 d5 3. Nc3 Nf6 4.
e5 Nfd7 5. d4 c5 6. dxc5 Nc6 7.
Bf4 Nxc5 8. Bd3 Nxd3+ 9. cxd3 Be7 10. O-O O-O 11. d4 Bd7 12. Rc1 Rc8 13. g3 Na5 14. h4 Nc4 15. Qe2 Qb6 16. b3 Na3 17. h5 Bb4 18. Qe3 Bxc3 19. Rxc3 Rxc3 20. Qxc3 Rc8 21. Qe3 Nb5 22. Bh6 gxh6 23. Qxh6 Qc7 24.
Ng5 Qc2 25. g4 Nxd4 26. Qf6 Be8 27. Kg2 Qe2 28. Qf4 Rc2 29. Qxd4 Bb5 30. Rd1 h6 31. Nf3 Qe4 32. Qxe4 dxe4 33. Rd8+ Kg7 34. Nd4 Rd2 35.
Nxe6+ 1-0

[Event "Late-Titled-Tuesday-Blitz-December-26-2023"]
[Site "Chess.com"]
[Date "2023.12.26"]
[Round "1"]
[White "CFalcons8"]
[Black "Bryanl106"]
[Result "0-1"]
[WhiteElo "2226"]
[BlackElo "2568"]
[TimeControl "180+1"]
[EndTime "14:07:07 PST"]
[Termination "Bryanl106 won on time"]

1. d4 Nf6 2. Nf3 g6 3. g3 Bg7 4. Bg2 O-O 5. O-O d6 6. c4 Nc6 7. Nc3 Bg4 8. e4 e5 9. d5 Nd4 10. Be3 Nd7 11. Bxd4 exd4 12. Ne2 Bxf3 13. Bxf3 Qf6 14.
Nf4 Ne5 15. Be2 Bh6 16. Ng2 Rfe8 17. f4 Nd7 18. Bd3 Nc5 19. Qf3 Re7 20. b4 Na4 21. h4 Rae8 22. g4 Bf8 23. g5 Qg7 24. h5 Nc3 25. h6 Qh8 26. Rae1 f6 27. c5 fxg5 28.
fxg5 Qe5 29. Qg4 Nxa2 30. Nh4 Nxb4 31. Bc4 d3 32. Nf3 Qc3 33. Rc1 Nc2 34. cxd6 cxd6 35. e5 Rc7 36. Ba2 Qa3 37. Bc4 Qc5+ 0-1

[Event "Late-Titled-Tuesday-Blitz-December-26-2023"]
[Site "Chess.com"]
[Date "2023.12.26"]
[Round "1"]
[White "attack2mateU"]
[Black "giomar27"]
[Result "1-0"]
[WhiteElo "2705"]
[BlackElo "2401"]
[TimeControl "180+1"]
[EndTime "14:07:09 PST"]
[Termination "attack2mateU won by resignation"]

1. e4 e5 2. Nf3 Nc6 3. Bc4 Nf6 4. d3 h6 5. c3 g5 6. d4 d6 7. dxe5 dxe5 8. Qxd8+ Nxd8 9. Nxe5 Be6 10. f3 Bd6 11. Bxe6 Nxe6 12. Nc4 Bc5 13. b4 Be7 14. Be3 O-O-O 15. Ke2 Nh5 16. g3 Bf6 17. Rc1 b6 18. Nbd2 Rd7 19. a4 Rhd8 20. Nb2 Nhg7 21. a5 Kb7 22. Ra3 b5 23. a6+ Kb8 24.
Nb3 h5 25. Na5 Rd6 26. f4 Rxa6 27. e5 Be7 28. Bxa7+ Kxa7 29. Nc6+ Kb7 30. Rxa6 Kxa6 31. Nxd8 Bxd8 32. Nd3 Kb6 33. Rf1 gxf4 34. gxf4 Nf5 35. Kf3 Be7 36. Ke4 Neg7 37. Nc1 c5 38. bxc5+ Kxc5 39.
Nb3+ Kc4 40. Nd4 Nxd4 41. cxd4 b4 42. Rc1+ Kb3 43. d5 Kb2 44. Rc7 Bd8 45. Rxf7 b3 46. Rxg7 Kc3 47. Rb7 b2 48. e6 Be7 49. Rxb2 Kxb2 50. Ke5 1-0

[Event "Late-Titled-Tuesday-Blitz-December-26-2023"]
[Site "Chess.com"]
[Date "2023.12.26"]
[Round "1"]
[White "mbojan"]
[Black "ural58"]
[Result "1-0"]
[WhiteElo "2911"]
[BlackElo "2484"]
[TimeControl "180+1"]
[EndTime "14:07:11 PST"]
[Termination "mbojan won by resignation"]

1. a3 g6 2. e4 Bg7 3. d4 d5 4. exd5 Qxd5 5. Be3 Bf5 6. Nc3 Qd7 7. Nf3 Nf6 8. Ne5 Qd8 9. Qf3 c6 10. O-O-O O-O 11.
Bc4 Nbd7 12. g4 Nxe5 13. dxe5 Bxg4 14. Rxd8 Bxf3 15. Rxa8 Rxa8 16. exf6 Bxh1 17. fxg7 Kxg7 18. Kd2 b6 19. Ke2 Rd8 20. a4 Bd5 21. Nxd5 cxd5 22. Bd3 e5 23. c3 f5 24. f4 exf4 25. Bxf4 h6 26. h4 Re8+ 27. Kd2 Rh8 28. Be5+ Kh7 29. Bxh8 Kxh8 30. Ke3 Kg7 31. h5 Kf6 32. hxg6 Kxg6 33. Kf4 1-0

[Event "Late-Titled-Tuesday-Blitz-December-26-2023"]
[Site "Chess.com"]
[Date "2023.12.26"]
[Round "1"]
[White "MFBerna"]
[Black "Agibileg"]
[Result "0-1"]
[WhiteElo "2383"]
[BlackElo "2684"]
[TimeControl "180+1"]
[EndTime "14:07:11 PST"]
[Termination "Agibileg won on time"]

1. e4 e5 2. f4 d5 3. exd5 exf4 4. c4 c6 5. d4 cxd5 6. Nf3 dxc4 7. Bxc4 Bd6 8. O-O Ne7 9. Nc3 O-O 10. Ne4 Ng6 11. Nfg5 h6 12. Nxf7 Rxf7 13. Qh5 Nh8 14. Bd2 Nc6 15.
Rae1 Bc7 16. Bc3 Bd7 17. Nc5 Be8 18. Qg4 Qg5 19. Qf3 Bb6 20. b4 Bxc5 21. dxc5 Kh7 22. Bxf7 Bxf7 23. b5 Qxc5+ 24. Kh1 Qxb5 25. Qxf4 Bd5 26.
Qg3 Ng6 27. Rf5 Bxg2+ 28. Qxg2 Qxf5 29. Rg1 Rg8 30. Rf1 Qc5 0-1

[Event "Late-Titled-Tuesday-Blitz-December-26-2023"]
[Site "Chess.com"]
[Date "2023.12.26"]
[Round "1"]
[White "oskariot"]
[Black "Fan_Of_Chucky"]
[Result "1-0"]
[WhiteElo "2833"]
[BlackElo "2461"]
[TimeControl "180+1"]
[EndTime "14:07:12 PST"]
[Termination "oskariot won by resignation"]

1. e4 c5 2. Nf3 a6 3. g3 g6 4.
Bg2 Bg7 5. O-O b5 6. c3 Bb7 7. Re1 e6 8. d4 cxd4 9. cxd4 d5 10. exd5 Bxd5 11. Nc3 Ne7 12. Bg5 Nbc6 13. Nxd5 exd5 14. Ne5 Nxe5 15. dxe5 O-O 16. Rc1 Ra7 17. Qd4 Rd7 18. Bh3 Rc7 19. Bf6 Rc4 20. Rxc4 bxc4 21. Bxg7 Kxg7 22. e6+ f6 23. b3 cxb3 24. axb3 Qd6 25. Rc1 Rb8 26. Qa4 d4 27. Rd1 Rd8 28. Qc4 f5 29. Bf1 Kf6 30. Re1 d3 31. Qc3+ Qd4 32.
Qd2 Rd6 33. Qh6 d2 34. Qf8+ Kg5 35. Qxe7+ Kh5 36. Be2+ Kh6 37. Qf8+ Kg5 38. h4+ Qxh4 39.
gxh4+ Kf4 40. Qh6+ Ke5 41. Rd1 1-0

[Event "Late-Titled-Tuesday-Blitz-December-26-2023"]
[Site "Chess.com"]
[Date "2023.12.26"]
[Round "1"]
[White "StellarChess"]
[Black "Pertinhez76"]
[Result "1-0"]
[WhiteElo "2527"]
[BlackElo "2065"]
[TimeControl "180+1"]
[EndTime "14:07:13 PST"]
[Termination "StellarChess won by resignation"]

1. b4 a5 2. b5 c6 3. c4 d5 4. bxc6 bxc6 5. cxd5 cxd5 6. Nf3 e6 7.
g3 Nf6 8. Bg2 Be7 9. O-O O-O 10.
Bb2 Ba6 11. d3 Nbd7 12. Nbd2 h6 13. Nd4 Rc8 14. Rc1 Qb6 15. Ba1 Rfe8 16. Rb1 Qc7 17.
h3 Nf8 18. Qa4 Ng6 19. N2b3 Bb4 20. a3 Bd6 21. Nxa5 Ra8 22. Rfc1 Qe7 23. Nac6 Qf8 24. Bb2 Ne5 25. Nxe5 Bxe5 26. Qb3 Reb8 27. Qa2 Bd6 28. Nc2 Bb5 29. Bc3 Ba4 30. Nb4 Qe8 31. Qb2 Qd8 32. e4 Bxb4 33. axb4 dxe4 34. dxe4 Nd7 35. Ra1 Ra6 36.
Bxg7 f6 37. Bxh6 e5 38. Be3 Qf8 39. Bf1 Raa8 40. Qe2 Rxb4 41. Qg4+ Qg7 42. Rc7 Qxg4 43. hxg4 Rd8 44. Rc4 Rxc4 45. Bxc4+ Kg7 46. Rxa4 Kg6 47.
Be6 Nf8 48. Bf5+ Kf7 49. Ra7+ Ke8 50. Bc5 Rc8 51. Bxc8 f5 52. gxf5 1-0

[Event "Late-Titled-Tuesday-Blitz-December-26-2023"]
[Site "Chess.com"]
[Date "2023.12.26"]
[Round "1"]
[White "AGW2016"]
[Black "norman927"]
[Result "1/2-1/2"]
[WhiteElo "2571"]
[BlackElo "2295"]
[TimeControl "180+1"]
[EndTime "14:07:14 PST"]
[Termination "Game drawn by repetition"]

1. e4 c5 2. c3 d5 3. exd5 Qxd5 4. d4 Nf6 5. Nf3 Bf5 6. Be2 Bxb1 7. Rxb1 cxd4 8.
Qxd4 Nc6 9. Qxd5 Nxd5 10. O-O e6 11. c4 Nf6 12. Be3 Be7 13. a3 a5 14. h3 O-O 15. Rfd1 Rfd8 16. Nd4 Nxd4 17. Bxd4 h6 18. Bf3 Rac8 19. b3 Bxa3 20. Bxb7 Rb8 21. Bc6 Rdc8 22. Bb5 Ne4 23. Be5 Ra8 24. Rd7 Nc5 25. Rd4 f6 26. Bd6 Rd8 27. Rdd1 Kf7 28. Kf1 Bb4 29. Ke2 Ne4 30. Bxb4 axb4 31. Rxd8 Nc3+ 32.
Ke3 Rxd8 33. Ra1 Nd1+ 34. Kf3 Nc3 35. Ra7+ Kg6 36. Bc6 Rd3+ 37. Kg4 h5+ 38. Kh4 Kh6 39. Bf3 g5+ 40. Kg3 h4+ 41. Kh2 f5 42. c5 Nb5 43. Rb7 Nd4 44. c6 Nxf3+ 45. gxf3 Rxb3 46. Re7 Rxf3 47. Rxe6+ Kg7 48. Kg2 Rc3 49. Re5 Kf6 50. Rb5 Rxc6 51. Rxb4 Re6 52. Rb5 Kg6 53. Ra5 Rf6 54. Rb5 Re6 55. Ra5 Rf6 56. Ra8 Re6 57. Rg8+ Kh6 58. Rf8 Kg6 59. Kf3 Rf6 60.
Rg8+ Kh6 61. Rh8+ Kg6 62. Ra8 Re6 63. Kg2 Rd6 64. Re8 Rf6 65. Rg8+ Kh6 66. Rh8+ Kg6 67.
Rg8+ Kh6 68. f4 gxf4 69. Kf3 Rg6 70. Rh8+ Kg5 71. Ra8 Rc6 72. Rg8+ Rg6 73. Ra8 Rc6 74. Rg8+ Rg6 75. Rc8 Rd6 76. Rg8+ Rg6 1/2-1/2

[Event "Late-Titled-Tuesday-Blitz-December-26-2023"]
[Site "Chess.com"]
[Date "2023.12.26"]
[Round "1"]
[White "aranibos"]
[Black "VitorBronson"]
[Result "0-1"]
[WhiteElo "2147"]
[BlackElo "2540"]
[TimeControl "180+1"]
[EndTime "14:07:14 PST"]
[Termination "VitorBronson won by resignation"]

1. d4 d5 2. Nf3 Nf6 3. Bg5 Ne4 4. h4 c5 5. e3 Qb6 6. Nc3 e6 7. Nxe4 dxe4 8. Nd2 cxd4 9. Nxe4 dxe3 10. Bxe3 Qb4+ 11. Nd2 Qxb2 12. Bd3 Be7 13. h5 h6 14. O-O O-O 15. a4 Nc6 16. Nc4 Qf6 17. a5 e5 18. a6 Rd8 19. Qe2 bxa6 20. Na5 Nxa5 21. Rxa5 Bb4 22. Ra4 a5 23. Be4 Bd7 24. Ra2 Bc6 25.
Bd3 a6 26. f3 Bb7 27. Rb1 Qe7 28. Kh1 e4 29. fxe4 Bxe4 30. Bxa6 Rd6 31. Bc4 Rc8 32. Re1 Qb7 33. Rg1 Qe7 34. Bf4 Qh4+ 35. Bh2 Rdc6 36. Bb3 Bd6 37. Bxf7+ Kh8 0-1

[Event "Late-Titled-Tuesday-Blitz-December-26-2023"]
[Site "Chess.com"]
[Date "2023.12.26"]
[Round "1"]
[White "Hikaru"]
[Black "Road2GM3000"]
[Result "1-0"]
[WhiteElo "3231"]
[BlackElo "2510"]
[TimeControl "180+1"]
[EndTime "14:07:16 PST"]
[Termination "Hikaru won by checkmate"]

1. Nf3 d5 2. e3 Nf6 3. c4 c6 4.
Nc3 a6 5. b4 Bg4 6. Qb3 e6 7.
Ne5 Bf5 8. cxd5 cxd5 9. b5 Nbd7 10. Nxd7 Nxd7 11. d4 Bd6 12. Be2 O-O 13. O-O Qf6 14. Ba3 Bxa3 15. Qxa3 axb5 16. Qb2 Qg6 17. Rfc1 Nb6 18.
Qxb5 Bh3 19. g3 Nc4 20. Bxc4 dxc4 21. Qxb7 Rab8 22. Qf3 h6 23. a4 Rb2 24. a5 Bg4 25.
Qg2 Qh5 26. Rab1 Bf3 27. Qxf3 Qxf3 28. Rxb2 Ra8 29. Rb5 Qc6 30. Rc5 Qd6 31. Ra1 Qd8 32. a6 Qb6 33. Rca5 Ra7 34. Nb5 Rxa6 35. Rxa6 Qxb5 36.
h4 Kh7 37. Ra7 Kg6 38. Rc7 Qb2 39. h5+ Kf6 40. Raa7 Qb1+ 41. Kh2 c3 42. Rxf7+ Kg5 43. Ra5+ Kg4 44. f3# 1-0

[Event "Late-Titled-Tuesday-Blitz-December-26-2023"]
[Site "Chess.com"]
[Date "2023.12.26"]
[Round "1"]
[White "protectiago"]
[Black "ShahMatKanal"]
[Result "1/2-1/2"]
[WhiteElo "2063"]
[BlackElo "2517"]
[TimeControl "180+1"]
[EndTime "14:07:17 PST"]
[Termination "Game drawn by repetition"]

1. d4 d5 2. c4 e6 3. Nf3 Nf6 4. g3 Be7 5. Bg2 O-O 6. O-O c6 7. Qc2 Nbd7 8. Nbd2 b6 9. Rd1 Bb7 10. e4 Rc8 11. e5 Ne8 12. cxd5 cxd5 13. Qa4 a5 14.
Bf1 Bc6 15. Qb3 Nc7 16. Bd3 a4 17. Qc2 Bb5 18. Bxh7+ Kh8 19. Bd3 Na6 20. Qb1 Bxd3 21. Qxd3 Nb4 22. Qf1 Nc2 23. Rb1 Kg8 24. Qh3 b5 25.
Nf1 b4 26. b3 a3 27. Ne3 Nxe3 28. Bxe3 Rc2 29. Rd2 Qc7 30. Rbd1 Rc8 31. Bg5 Rxd2 32.
Bxd2 Qc2 33. Rc1 Qxc1+ 34. Bxc1 Rxc1+ 35. Kg2 Rc2 36. Qh5 Rxa2 37. Ng5 Bxg5 38. Qxg5 Rb2 39.
Qe7 a2 40. Qxd7 a1=Q 41. Qd8+ Kh7 42. Qh4+ Kg8 43. Qd8+ Kh7 44. Qh4+ Kg6 45. Qg4+ Kh6 46. Qh4+ Kg6 47. Qg4+ Kh7 48. Qh4+ 1/2-1/2

[Event "Late-Titled-Tuesday-Blitz-December-26-2023"]
[Site "Chess.com"]
[Date "2023.12.26"]
[Round "1"]
[White "dodoucb"]
[Black "severomorskij"]
[Result "0-1"]
[WhiteElo "2476"]
[BlackElo "2892"]
[TimeControl "180+1"]
[EndTime "14:07:21 PST"]
[Termination "severomorskij won by resignation"]

1. d4 Nf6 2. Nf3 e6 3. c4 Bb4+ 4. Bd2 c5 5. a3 Bxd2+ 6. Qxd2 cxd4 7. Nxd4 b6 8. Nb5 O-O 9. Nd6 Ne8 10. Nxc8 Qxc8 11. e3 Na6 12. Nc3 Nc5 13. Rd1 Nf6 14.
Be2 Rd8 15. Bf3 Rb8 16. O-O d6 17. Nb5 d5 18. b4 Nce4 19. Qb2 a6 20. Nd4 dxc4 21.
Qc2 e5 22. Bxe4 exd4 23. exd4 b5 24. Bf3 Qc7 25. d5 Qf4 26. Rfe1 Rd6 27. Qc3 Rbd8 28.
Rd4 Qf5 29. Red1 g6 30. Qd2 Kg7 31. h3 h5 32. a4 Re8 33. a5 Nd7 34. Qc3 Ne5 35. Be4 Qf6 36. g3 h4 37. f4 Nd7 38. Kg2 Rxe4 0-1

[Event "Late-Titled-Tuesday-Blitz-December-26-2023"]
[Site "Chess.com"]
[Date "2023.12.26"]
[Round "1"]
[White "GMKrikor"]
[Black "Petukhov_Dmitry"]
[Result "1-0"]
[WhiteElo "2803"]
[BlackElo "2450"]
[TimeControl "180+1"]
[EndTime "14:07:22 PST"]
[Termination "GMKrikor won on time"]

1. Nf3 Nf6 2. c4 g6 3. Nc3 d5 4. cxd5 Nxd5 5. Qc2 Nc6 6. a3 Bg7 7. e4 Nxc3 8. dxc3 O-O 9. Be3 Bg4 10. Be2 f5 11. exf5 Bxf5 12. Qb3+ Kh8 13. Rd1 Qc8 14. O-O Be6 15. Qa4 Bg4 16. h3 Bxf3 17. Bxf3 Rxf3 18. gxf3 Ne5 19. Kg2 Qe6 20. Qe4 Rf8 21.
f4 Qc4 22. Rd4 Qe2 23. fxe5 h6 24. Rd2 Qa6 25. f4 e6 26. Rff2 Rf5 27. Rd8+ Kh7 28. Rd7 c6 29. Rfd2 Qb5 30. Re7 Kh8 31. Rd8+ Bf8 32.
Qc2 c5 33. Ree8 Qc6+ 34. Kg3 Rg5+ 35. fxg5 Qe4 36. Rxf8+ 1-0

[Event "Late-Titled-Tuesday-Blitz-December-26-2023"]
[Site "Chess.com"]
[Date "2023.12.26"]
[Round "1"]
[White "PawnStorn"]
[Black "chesspreceptor"]
[Result "0-1"]
[WhiteElo "2331"]
[BlackElo "2641"]
[TimeControl "180+1"]
[EndTime "14:07:23 PST"]
[Termination "chesspreceptor won by resignation"]

1. c4 c5 2. Nc3 Nf6 3. g3 g6 4. Bg2 Bg7 5. Nf3 Nc6 6. O-O d6 7. a3 O-O 8. Rb1 e5 9. d3 Be6 10. Ng5 Bd7 11. b4 h6 12. Nge4 cxb4 13. axb4 Bf5 14. Nxf6+ Bxf6 15. b5 Na5 16. Bxh6 Re8 17. Nd5 Bh8 18. h4 Rc8 19. e4 Be6 20. f4 Bxd5 21. exd5 e4 22. Bxe4 Nxc4 23. Qf3 Nd2 24. Qg4 Bd4+ 25. Kh1 Qf6 26. Rbc1 Rxc1 27. Rxc1 Nxe4 28. dxe4 Rxe4 29. h5 Bc5 30. Bg5 Qb2 31. Rf1 Qxb5 32. Qh3 Re3 33. hxg6 fxg6 34. Bf6 Kf7 35.
Qh7+ Kxf6 36. Qh8+ Kf5 37. g4+ Ke4 38. Qe8+ Qxe8 0-1

[Event "Late-Titled-Tuesday-Blitz-December-26-2023"]
[Site "Chess.com"]
[Date "2023.12.26"]
[Round "1"]
[White "artin10862"]
[Black "Defenstrator"]
[Result "1-0"]
[WhiteElo "2906"]
[BlackElo "2479"]
[TimeControl "180+1"]
[EndTime "14:07:24 PST"]
[Termination "artin10862 won by resignation"]

1. e4 c5 2. Nf3 d6 3. d4 cxd4 4.
Nxd4 Nf6 5. Nc3 Nfd7 6. h4 Nc6 7. Be3 e5 8. Ndb5 Nf6 9. Bg5 a6 10. Na3 b5 11. Nd5 Qa5+ 12. Bd2 Qd8 13. Bg5 Qa5+ 14. Bd2 Qd8 15. Bd3 Nxd5 16. exd5 Nb8 17. c4 Be7 18. cxb5 O-O 19. g3 f5 20. O-O e4 21.
Be2 Bxh4 22. gxh4 Qxh4 23. Qc1 f4 24. Bxf4 Rxf4 25. Qxc8+ Kf7 26. Qe6+ Kf8 27. Qxd6+ Kf7 28. Qe6+ Kf8 29. Qc8+ Kf7 30. Qc7+ Kf8 31. Qc5+ Kf7 32. Rfc1 Nd7 33. Qe3 Qg5+ 34. Qg3 Qf6 35. Rc7 Rd8 36.
Nc4 Rf5 37. Nd6+ 1-0

[Event "Late-Titled-Tuesday-Blitz-December-26-2023"]
[Site "Chess.com"]
[Date "2023.12.26"]
[Round "1"]
[White "lolo9292"]
[Black "Predator0608"]
[Result "0-1"]
[WhiteElo "2197"]
[BlackElo "2549"]
[TimeControl "180+1"]
[EndTime "14:07:24 PST"]
[Termination "Predator0608 won on time"]

1. e4 e6 2. b3 d5 3. Bb2 dxe4 4. Nc3 Nf6 5. Qe2 Nc6 6. Nxe4 Nd4 7. Nxf6+ gxf6 8. Qd3 c5 9. Nf3 e5 10. c3 Nxf3+ 11.
Qxf3 Qd6 12. Bb5+ Bd7 13. Bxd7+ Qxd7 14. Qxf6 Rg8 15. Qxe5+ Kd8 16. g3 Bd6 17. Qf6+ Kc7 18. O-O-O a5 19. d4 c4 20. bxc4 Rg6 21. Qf3 a4 22. c5 Be7 23. Qf4+ Kd8 24. Kc2 Rf6 25.
Qe3 Qf5+ 26. Rd3 a3 27. Bc1 Qd5 28. Kb1 Qxh1 29. d5 Qf1 30. d6 Bf8 31. c6 Bxd6 32. cxb7 Rb8 33. Qb6+ Ke7 34. Rxd6 Rxd6 35. Qc7+ Ke6 36.
Qxb8 Qd3+ 37. Ka1 Qxc3+ 38. Kb1 Rb6+ 0-1

[Event "Late-Titled-Tuesday-Blitz-December-26-2023"]
[Site "Chess.com"]
[Date "2023.12.26"]
[Round "1"]
[White "Agent-JL"]
[Black "miraitrunks"]
[Result "1-0"]
[WhiteElo "2528"]
[BlackElo "2088"]
[TimeControl "180+1"]
[EndTime "14:07:24 PST"]
[Termination "Agent-JL won by resignation"]

1. e4 e6 2. Nc3 d5 3. Nf3 d4 4. Ne2 c5 5. Ng3 h5 6. Bb5+ Bd7 7. Bxd7+ Nxd7 8. d3 Bd6 9. Bg5 f6 10. Bd2 h4 11.
Ne2 Ne7 12. h3 Qb6 13. b3 Nc6 14. a4 Nde5 15. Nh2 Nb4 16. O-O Qc7 17. f4 Ng6 18. Ng4 O-O-O 19. a5 f5 20. Ne5 Nxe5 21. fxe5 Bxe5 22. exf5 exf5 23. Rxf5 Rhf8 24. Qf1 Rxf5 25. Qxf5+ Kb8 26. Bg5 Re8 27. Nf4 Nxc2 28. Rc1 Ne3 29. Qg6 Rc8 30. Qe4 Bf6 31. Ne6 Qxa5 32. Bf4+ Ka8 33.
Nxd4 Rd8 34. Ne6 Re8 35. Nc7+ Qxc7 36. Qxe8+ Qd8 37. Qxd8+ Bxd8 38. Bxe3 1-0

[Event "Late-Titled-Tuesday-Blitz-December-26-2023"]
[Site "Chess.com"]
[Date "2023.12.26"]
[Round "1"]
[White "laskakid"]
[Black "gahryman"]
[Result "0-1"]
[WhiteElo "2358"]
[BlackElo "2666"]
[TimeControl "180+1"]
[EndTime "14:07:25 PST"]
[Termination "gahryman won by checkmate"]

1. d4 Nf6 2. c4 e6 3. Nc3 d5 4.
cxd5 exd5 5. Bg5 c6 6. e3 Bd6 7. Bd3 O-O 8. Qc2 h6 9. Bh4 a5 10. Nge2 Na6 11. a3 Nc7 12. h3 Ne6 13. O-O Re8 14.
Rad1 Ng5 15. f4 Ne6 16. Kh1 Nf8 17. Qd2 Be7 18. Ng1 Nh5 19. Bf2 Bh4 20. Kh2 Bxf2 21. Qxf2 Nf6 22. Nf3 Bg4 23. Rde1 Bxf3 24. Qxf3 b5 25. g4 Qd6 26. Kg2 b4 27. Na4 bxa3 28. bxa3 Qxa3 29. Bc2 Ne4 30. Ra1 Qd6 31. Bxe4 Rxe4 32.
Nc5 Re7 33. f5 Nh7 34. h4 Rae8 35. Rfe1 Qf6 36. Kh3 g5 37. h5 Qd6 38. Rxa5 Nf6 39. Ra6 Kg7 40. Nd3 Re4 41. Ne5 R8xe5 42. dxe5 Qxe5 43.
Rxc6 Rxg4 44. Qf2 Rh4+ 45. Qxh4 gxh4 46. Rg1+ Kh7 47. Rc8 Qxf5+ 48. Kxh4 Qxc8 49. Rf1 Qg4# 0-1

[Event "Late-Titled-Tuesday-Blitz-December-26-2023"]
[Site "Chess.com"]
[Date "2023.12.26"]
[Round "1"]
[White "PawnEatingZombie"]
[Black "TimGrutter03"]
[Result "0-1"]
[WhiteElo "2107"]
[BlackElo "2534"]
[TimeControl "180+1"]
[EndTime "14:07:25 PST"]
[Termination "TimGrutter03 won on time"]

1. e4 c6 2. Nf3 d5 3. d3 g6 4.
Nbd2 Bg7 5. g3 e5 6. Bg2 Ne7 7. O-O O-O 8. c3 h6 9. Qc2 Be6 10. a4 a5 11. Re1 Nd7 12. h3 f5 13. Kh2 Qb6 14. Re2 Rad8 15. exd5 cxd5 16. d4 e4 17. Ng1 Qc7 18. f4 Bxd4 19. Ngf3 Bf6 20. Ne1 g5 21. Nf1 gxf4 22. Bxf4 Be5 23. Bxh6 Rf7 24. Qd2 f4 25.
Bxf4 Bxf4 26. gxf4 Rxf4 27. Kh1 Nf5 28. Nc2 Rf8 29.
Nce3 Qe5 30. Ng4 Qh8 31. Kg1 Nh4 32. Nfe3 Nf3+ 33. Bxf3 Rxf3 34. Rg2 Kh7 35. c4 d4 36. Qc2 dxe3 37. Qxe4+ R8f5 0-1